HBL
ASHEVILLE MOONSHINERS @ HARTFORD WHALERS
05/07/1997
 
TOP OF THE 1ST
Asheville Moonshiners batting - Pitching for Hartford Whalers : RHP Frank Seminara
Pitching: RHP Frank Seminara
Batting: LHB Darren Bragg 0-0: Fly out, F6 (Popup, 6M, EV 55.6 MPH)
Batting: SHB Wilton Guerrero 0-0: Swinging Strike
0-1: Swinging Strike
0-2: Foul Ball, location: 2F
0-2: Strikes out swinging
Batting: LHB Randall Simon 0-0: SINGLE (Groundball, 56D, EV 104.4 MPH)
Batting: RHB Chris Stynes 0-0: Ball
1-0: Ground out 5-3 (Groundball, 56S, EV 68.8 MPH)
Top of the 1st over - 0 runs, 1 hit, 0 errors, 1 left on base; Asheville 0 - Hartford 0
BOTTOM OF THE 1ST
Hartford Whalers batting - Pitching for Asheville Moonshiners : RHP Chan Ho Park
Pitching: RHP Chan Ho Park
Batting: RHB Carter Haney 0-0: SINGLE (Groundball, 6MD, EV 96.3 MPH)
Batting: LHB Mark Kotsay 0-0: Ball
1-0: Swinging Strike
1-1: Ball
2-1: Foul Ball, location: 2F
2-2: Strikes out swinging
Batting: LHB Todd Walker 0-0: Called Strike
0-1: Ball
1-1: Called Strike
1-2: Ball
2-2: Fielders Choice at 2nd, 1-6 (Groundball, 34S, EV 66.9 MPH)
Batting: RHB Kurt Abbott 0-0: Ball
1-0: Ball
2-0: Ball
3-0: Base on Balls
Todd Walker to second
Batting: RHB Alex Ochoa 0-0: Ball
1-0: Foul Ball, location: 2F
1-1: Foul Ball, location: 2F
1-2: Foul Ball, location: 2F
1-2: Foul Ball, location: 2F
1-2: Foul Ball, location: 2F
1-2: Fly out, F1 (Line Drive, P, EV 67.5 MPH)
Bottom of the 1st over - 0 runs, 1 hit, 0 errors, 2 left on base; Asheville 0 - Hartford 0
TOP OF THE 2ND
Asheville Moonshiners batting - Pitching for Hartford Whalers : RHP Frank Seminara
Batting: RHB Aaron Boone 0-0: Fly out, F7 (Flyball, 7, EV 83.8 MPH)
Batting: RHB Yamil Benitez 0-0: Ball
1-0: Ground out 6-3 (Groundball, 6, EV 85.0 MPH)
Batting: LHB Billy McMillon 0-0: Fly out, F8 (Flyball, 89M, EV 89.4 MPH)
Top of the 2nd over - 0 runs, 0 hits, 0 errors, 0 left on base; Asheville 0 - Hartford 0
BOTTOM OF THE 2ND
Hartford Whalers batting - Pitching for Asheville Moonshiners : RHP Chan Ho Park
Batting: LHB Dave Hansen 0-0: Ball
1-0: Ball
2-0: Foul Ball, location: 2F
2-1: Called Strike
2-2: Foul Ball, location: 2F
2-2: Ball
3-2: Strikes out swinging
Batting: RHB Ricky Gutierrez 0-0: Ball
1-0: Foul Ball, location: 2F
1-1: Fly out, F7 (Flyball, 78D, EV 101.9 MPH)
Batting: RHB Kevin Jordan 0-0: Ball
1-0: Ball
2-0: Ball
3-0: Called Strike
3-1: Swinging Strike
3-2: SINGLE (Flyball, 89S, EV 90.0 MPH)
Batting: RHB Robert Machado 0-0: Foul Ball, location: 2F
0-1: Ball
1-1: Ball
2-1: Fielders Choice at 2nd, 6-4 (Groundball, 6, EV 103.8 MPH)
Bottom of the 2nd over - 0 runs, 1 hit, 0 errors, 1 left on base; Asheville 0 - Hartford 0
TOP OF THE 3RD
Asheville Moonshiners batting - Pitching for Hartford Whalers : RHP Frank Seminara
Batting: RHB Kevin L Brown 0-0: Ball
1-0: Ball
2-0: DOUBLE (Flyball, 9LM, EV 102.5 MPH)
Batting: RHB Deivi Cruz 0-0: Fly out, F6 (Popup, 6M, EV 59.4 MPH)
Batting: LHB Darren Bragg 0-0: Ball
1-0: Called Strike
1-1: Foul Ball, location: 2F
1-2: Ground out 3-1 (Groundball, 34, EV 107.5 MPH)
Kevin L Brown to third
Batting: SHB Wilton Guerrero 0-0: Ball
1-0: Swinging Strike
1-1: Foul Ball, location: 2F
1-2: Ball
2-2: Ball
3-2: Strikes out swinging
Top of the 3rd over - 0 runs, 1 hit, 0 errors, 1 left on base; Asheville 0 - Hartford 0
BOTTOM OF THE 3RD
Hartford Whalers batting - Pitching for Asheville Moonshiners : RHP Chan Ho Park
Batting: RHB Carter Haney 0-0: Ground out 6-3 (Groundball, 6, EV 86.3 MPH)
Batting: LHB Mark Kotsay 0-0: Called Strike
0-1: Swinging Strike
0-2: Ball
1-2: Ball
2-2: Ground out U3 (Groundball, 3, EV 98.8 MPH)
Batting: LHB Todd Walker 0-0: Called Strike
0-1: Ball
1-1: Foul Ball, location: 2F
1-2: DOUBLE (Line Drive, 9LM, EV 100.6 MPH)
Batting: RHB Kurt Abbott 0-0: Ball
1-0: Fly out, F8 (Flyball, 8RS, EV 79.4 MPH)
Bottom of the 3rd over - 0 runs, 1 hit, 0 errors, 1 left on base; Asheville 0 - Hartford 0
TOP OF THE 4TH
Asheville Moonshiners batting - Pitching for Hartford Whalers : RHP Frank Seminara
Batting: LHB Randall Simon 0-0: Ball
1-0: Foul Ball, location: 2F
1-1: Swinging Strike
1-2: Fly out, F8 (Flyball, 8LXD, EV 85.0 MPH)
Batting: RHB Chris Stynes 0-0: Fly out, F8 (Flyball, 8LS, EV 90.6 MPH)
Batting: RHB Aaron Boone 0-0: Fly out, F8 (Flyball, 8LM, EV 89.4 MPH)
Top of the 4th over - 0 runs, 0 hits, 0 errors, 0 left on base; Asheville 0 - Hartford 0
BOTTOM OF THE 4TH
Hartford Whalers batting - Pitching for Asheville Moonshiners : RHP Chan Ho Park
Batting: RHB Alex Ochoa 0-0: Ball
1-0: Ball
2-0: Ball
3-0: Called Strike
3-1: Base on Balls
Batting: LHB Dave Hansen 0-0: Ball
1-0: Fielders Choice at 2nd, 1-6 (Groundball, 34S, EV 91.9 MPH)
Batting: RHB Ricky Gutierrez 0-0: Ball
1-0: SINGLE (Groundball, 34S, EV 86.3 MPH) (infield hit)
Dave Hansen to second
Batting: RHB Kevin Jordan 0-0: SINGLE (Groundball, 4MD, EV 108.8 MPH)
Dave Hansen to third
Ricky Gutierrez to second
Runner from 3rd tries for Home, SAFE, no throw by CF
Batting: RHB Robert Machado 0-0: Called Strike
0-1: Ball
1-1: Foul Ball, location: 2F
1-2: Grounds into double play, 4-6-3 (Groundball, 4, EV 85.0 MPH)
Bottom of the 4th over - 1 run, 2 hits, 0 errors, 1 left on base; Asheville 0 - Hartford 1
TOP OF THE 5TH
Asheville Moonshiners batting - Pitching for Hartford Whalers : RHP Frank Seminara
Batting: RHB Yamil Benitez 0-0: Ball
1-0: Called Strike
1-1: SINGLE (Groundball, 56D, EV 103.8 MPH)
Batting: LHB Billy McMillon 0-0: Foul Ball, location: 2F
0-1: Ball
1-1: Foul Ball, location: 2F
1-2: Foul Ball, location: 2F
1-2: Foul Ball, location: 2F
1-2: Ball
2-2: Foul Ball, location: 2F
2-2: Ball
3-2: Foul Ball, location: 2F
3-2: Grounds into double play, 5-4-3 (Groundball, 56S, EV 86.9 MPH)
Batting: RHB Kevin L Brown 0-0: Called Strike
0-1: Foul Ball, location: 2F
0-2: Ball
1-2: Foul Ball, location: 2F
1-2: Ball
2-2: Ground out 1-3 (Groundball, 23, EV 64.4 MPH)
Top of the 5th over - 0 runs, 1 hit, 0 errors, 0 left on base; Asheville 0 - Hartford 1
BOTTOM OF THE 5TH
Hartford Whalers batting - Pitching for Asheville Moonshiners : RHP Chan Ho Park
Batting: RHB Carter Haney 0-0: Ball
1-0: Bunted foul
1-1: SINGLE (Groundball, 6MD, EV 101.3 MPH)
Batting: LHB Mark Kotsay 0-0: Ball
1-0: Ground out 3-1 (Groundball, 3L, EV 81.9 MPH)
Carter Haney to second
Batting: LHB Todd Walker 0-0: Called Strike
0-1: Swinging Strike
0-2: Ball
1-2: Strikes out swinging
Batting: RHB Kurt Abbott 0-0: Called Strike
0-1: Ball
1-1: Fly out, F8 (Flyball, 8LD, EV 106.9 MPH)
Bottom of the 5th over - 0 runs, 1 hit, 0 errors, 1 left on base; Asheville 0 - Hartford 1
TOP OF THE 6TH
Asheville Moonshiners batting - Pitching for Hartford Whalers : RHP Frank Seminara
Batting: RHB Deivi Cruz 0-0: Ground out 6-3 (Groundball, 6, EV 90.0 MPH)
Batting: LHB Darren Bragg 0-0: Called Strike
0-1: Ball
1-1: Ball
2-1: SINGLE (Groundball, 13S, EV 61.3 MPH) (infield hit)
Batting: SHB Wilton Guerrero 0-0: SINGLE (Groundball, 6M, EV 78.1 MPH) (infield hit)
Darren Bragg to second
Batting: LHB Randall Simon 0-0: Called Strike
0-1: SINGLE (Groundball, 4MD, EV 98.1 MPH)
Darren Bragg to third
Wilton Guerrero to second
Runner from 3rd tries for Home, SAFE, throw by CF to home
Batting: RHB Chris Stynes 0-0: Ball
1-0: Foul Ball, location: 2F
1-1: Ball
2-1: Fielders Choice at 2nd, 6-4 (Groundball, 6S, EV 89.4 MPH)
Wilton Guerrero to third
Batting: RHB Aaron Boone 0-0: Called Strike
0-1: Ball
1-1: Foul Ball, location: 2F
1-2: SINGLE (Flyball, 89S, EV 86.9 MPH)
Wilton Guerrero scores
Chris Stynes to second
Runner from 2nd tries for 3rd, SAFE, no throw by RF
Batting: RHB Yamil Benitez 0-0: Ground out U3 (Groundball, 3S, EV 75.6 MPH)
Top of the 6th over - 2 runs, 4 hits, 0 errors, 2 left on base; Asheville 2 - Hartford 1
BOTTOM OF THE 6TH
Hartford Whalers batting - Pitching for Asheville Moonshiners : RHP Chan Ho Park
Batting: RHB Alex Ochoa 0-0: Foul Ball, location: 2F
0-1: Ball
1-1: Ball
2-1: DOUBLE (Line Drive, 89D, EV 114.4 MPH)
Batting: LHB Dave Hansen 0-0: Ball
1-0: Ball
2-0: Fly out, F9 (Flyball, 89D, EV 108.1 MPH)
Runner from 2nd tags up, SAFE at 3rd, no throw by RF
Batting: RHB Ricky Gutierrez 0-0: Ball
1-0: Ball
2-0: Foul Ball, location: 2F
2-1: SINGLE (Groundball, 34D, EV 94.4 MPH)
Alex Ochoa scores
Batting: RHB Kevin Jordan 0-0: Ball
1-0: Fielders Choice at 2nd, 4-6 (Groundball, 4D, EV 90.6 MPH)
Batting: RHB Robert Machado 0-0: Ball
1-0: Called Strike
1-1: SINGLE (Line Drive, 9LS, EV 108.8 MPH)
Kevin Jordan to second
Runner from 2nd tries for 3rd, SAFE, no throw by RF
Batting: RHB Carter Haney 0-0: Ball
1-0: Ball
2-0: Ball
3-0: Called Strike
3-1: Base on Balls
Robert Machado to second
Batting: LHB Mark Kotsay 0-0: Ball
1-0: Ball
2-0: Fly out, F9 (Line Drive, 9, EV 90.6 MPH)
Bottom of the 6th over - 1 run, 3 hits, 0 errors, 3 left on base; Asheville 2 - Hartford 2
TOP OF THE 7TH
Asheville Moonshiners batting - Pitching for Hartford Whalers : RHP Frank Seminara
Batting: LHB Billy McMillon 0-0: Foul Ball, location: 2F
0-1: Foul Ball, location: 2F
0-2: Ball
1-2: Strikes out looking
Batting: RHB Kevin L Brown 0-0: Ball
1-0: Ball
2-0: Fly out, F9 (Flyball, 9D, EV 83.8 MPH)
Batting: RHB Deivi Cruz 0-0: Reached on error, E4 (Groundball, 4, EV 111.3 MPH)
Batting: LHB Darren Bragg 0-0: Called Strike
0-1: SINGLE (Line Drive, 8LS, EV 95.6 MPH)
Deivi Cruz to second
Pinch Runner at 2nd Shinya Miyamoto:
Batting: SHB Wilton Guerrero 0-0: Ball
1-0: Fielders Choice at 2nd, 6-4 (Groundball, 6, EV 86.9 MPH)
Top of the 7th over - 0 runs, 1 hit, 1 error, 2 left on base; Asheville 2 - Hartford 2
BOTTOM OF THE 7TH
Hartford Whalers batting - Pitching for Asheville Moonshiners : RHP Chan Ho Park
Now at SS: Shinya Miyamoto
Batting: LHB Todd Walker 0-0: Ball
1-0: Foul Ball, location: 2F
1-1: Ball
2-1: Fly out, F6 (Popup, 6MD, EV 70.0 MPH)
Batting: RHB Kurt Abbott 0-0: Fly out, F8 (Flyball, 8LM, EV 89.4 MPH)
Batting: RHB Alex Ochoa 0-0: Ball
1-0: Swinging Strike
1-1: Foul Ball, location: 2F
1-2: Ball
2-2: Foul Ball, location: 2F
2-2: Ball
3-2: Foul Ball, location: 2F
3-2: Ground out 1-3 (Groundball, 34S, EV 82.5 MPH)
Bottom of the 7th over - 0 runs, 0 hits, 0 errors, 0 left on base; Asheville 2 - Hartford 2
TOP OF THE 8TH
Asheville Moonshiners batting - Pitching for Hartford Whalers : RHP Frank Seminara
Batting: LHB Randall Simon 0-0: Called Strike
0-1: Ball
1-1: Fly out, F7 (Flyball, 7D, EV 80.6 MPH)
Batting: RHB Chris Stynes 0-0: Ball
1-0: Ball
2-0: Foul Ball, location: 2F
2-1: Ground out 4-3 (Groundball, 4, EV 101.3 MPH)
Batting: RHB Aaron Boone 0-0: Ball
1-0: Ball
2-0: Ground out 5-3 (Groundball, 56, EV 94.4 MPH)
Top of the 8th over - 0 runs, 0 hits, 0 errors, 0 left on base; Asheville 2 - Hartford 2
BOTTOM OF THE 8TH
Hartford Whalers batting - Pitching for Asheville Moonshiners : RHP Chan Ho Park
Pitching: RHP Julio Machado
Batting: LHB Dave Hansen 0-0: Foul Ball, location: 2F
0-1: SINGLE (Line Drive, 4D, EV 93.8 MPH)
Batting: RHB Ricky Gutierrez 0-0: Called Strike
0-1: Swinging Strike
0-2: Foul Ball, location: 2F
0-2: Fly out, F9 (Flyball, 9D, EV 107.5 MPH)
Batting: RHB Kevin Jordan 0-0: Foul Ball, location: 2F
0-1: Called Strike
0-2: Strikes out swinging
Batting: RHB Robert Machado 0-0: Called Strike
0-1: Ball
1-1: Foul Ball, location: 2F
1-2: Ball
2-2: Strikes out looking
Bottom of the 8th over - 0 runs, 1 hit, 0 errors, 1 left on base; Asheville 2 - Hartford 2
TOP OF THE 9TH
Asheville Moonshiners batting - Pitching for Hartford Whalers : RHP Frank Seminara
Batting: RHB Yamil Benitez 0-0: Called Strike
0-1: Called Strike
0-2: Ball
1-2: SOLO HOME RUN (Flyball, 78XD, EV 95.0 MPH), Distance : 398 ft
Batting: LHB Billy McMillon 0-0: Ball
1-0: Called Strike
1-1: Called Strike
1-2: Ball
2-2: Foul Ball, location: 2F
2-2: Foul Ball, location: 2F
2-2: Strikes out swinging
Batting: RHB Kevin L Brown 0-0: Ball
1-0: Foul Ball, location: 2F
1-1: Ball
2-1: Swinging Strike
2-2: SINGLE (Groundball, 56, EV 111.9 MPH) (infield hit)
Batting: RHB Shinya Miyamoto 0-0: Called Strike
0-1: Called Strike
0-2: Ball
1-2: Ball
2-2: Foul Ball, location: 2F
2-2: Fielders Choice at 2nd, 6-4 (Groundball, 56, EV 87.5 MPH)
Batting: LHB Darren Bragg 0-0: Called Strike
0-1: Ball
1-1: DOUBLE (Groundball, 3L, EV 106.3 MPH)
Shinya Miyamoto to third
Batting: SHB Wilton Guerrero 0-0: Ball
1-0: SINGLE (Groundball, 6D, EV 96.3 MPH)
Shinya Miyamoto scores
Darren Bragg to third
Runner from 3rd tries for Home, SAFE, no throw by CF
Pitching: RHP Brad Cornett
Batting: LHB Randall Simon 0-0: Ball
1-0: Fly out, F7 (Flyball, 78D, EV 81.9 MPH)
Top of the 9th over - 3 runs, 4 hits, 0 errors, 1 left on base; Asheville 5 - Hartford 2
BOTTOM OF THE 9TH
Hartford Whalers batting - Pitching for Asheville Moonshiners : RHP Julio Machado
Pitching: RHP Mike Draper
Now at 1B: Daisuke Yamashita
Batting: RHB Carter Haney 0-0: Ball
1-0: Called Strike
1-1: Ground out 6-3 (Groundball, 6, EV 87.5 MPH)
Batting: LHB Mark Kotsay 0-0: Ball
1-0: Ball
2-0: Called Strike
2-1: Foul Ball, location: 2F
2-2: SINGLE (Line Drive, 56D, EV 95.6 MPH)
Batting: LHB Todd Walker 0-0: Ball
1-0: Ball
2-0: Ball
3-0: Called Strike
3-1: Fly out, F7 (Flyball, 7LSF, EV 89.4 MPH)
Batting: RHB Kurt Abbott 0-0: Called Strike
0-1: Ball
1-1: Swinging Strike
1-2: Ground out 5-3 (Groundball, 56S, EV 68.8 MPH)
Bottom of the 9th over - 0 runs, 1 hit, 0 errors, 1 left on base; Asheville 5 - Hartford 2
Thursday, February 5th, 2026 - OOTP Baseball 20.8 Build 74